 Dungeon Crawl Stone Soup version 0.19.5 (webtiles) character file.

22 tidbits the Slasher (level 2, -2/19 HPs)
             Began as a High Elf Skald on Nov 17, 2017.
             Slain by Sigmund
             ... wielding a +0 scythe
              (8 damage)
             ... on level 2 of the Dungeon.
             The game lasted 00:02:11 (206 turns).

tidbits the Slasher (High Elf Skald)                 Turns: 206, Time: 00:02:12

Health: -2/19      AC:  3    Str: 11    XL:     2   Next: 68%
Magic:  6/6        EV: 11    Int: 20    God:
Gold:   25         SH:  0    Dex: 14    Spells: 3 memorised, 1 level left

rFire  . . .     SeeInvis .     a - +0 falchion
rCold  . . .     Gourm    .     b - +0 leather armour
rNeg   . . .     Faith    .     (no shield)
rPois  .         Spirit   .     (no helmet)
rElec  .         Reflect  .     (no cloak)
rCorr  .         Harm     .     (no gloves)
MR     .....                    (no boots)
Stlth  +.........               (no amulet)
                                (no ring)
                                (no ring)

@: confused, brilliant
A: no striking features
a: no special abilities


You were on level 2 of the Dungeon.
You were not hungry.

You visited 1 branch of the dungeon, and saw 2 of its levels.

You collected 25 gold pieces.

Inventory:

Hand Weapons
 a - a +0 falchion (weapon)
Missiles
 e - 15 stones (quivered)
 i - 11 arrows
 l - 10 bolts
Armour
 b - a +0 leather armour (worn)
Scrolls
 k - a scroll of noise {unknown}
Books
 c - a book of Battle

   Spells                             Type                      Level
   a - Infusion                       Charms                       1
   b - Shroud of Golubria             Charms/Translocation         2
   c - Song of Slaying                Charms                       2
   d - Spectral Weapon                Hexes/Charms                 3
   e - Regeneration                   Charms/Necromancy            3
Comestibles
 d - a bread ration


   Skills:
 - Level 2.0 Fighting
 + Level 3.8 Long Blades
 - Level 0.8 Armour
 - Level 1.2 Dodging
 - Level 2.5 Spellcasting
 - Level 3.6 Charms


You had one spell level left.
You knew the following spells:

 Your Spells              Type           Power        Failure   Level  Hunger
g - Shroud of Golubria    Chrm/Tloc      ###.......   2%          2    ##.....
i - Infusion              Chrm           ####         1%          1    None
y - Song of Slaying       Chrm           ####....     1%          2    ##.....


Dungeon Overview and Level Annotations

Branches:
Dungeon (2/15)

Altars:

Annotations:
D:2 Sigmund


Message History

[Y]es or [N]o only, please.
Really attack barehanded? [Y]es or [N]o only, please.
Really attack barehanded?
You hit the adder but do no damage.
The adder is moderately wounded.
You feel sick. The adder completely misses you.
You hit the adder.
You kill the adder!
Your Long Blades skill increases to level 3!
You have reached level 2!
Memorise Song of Slaying, consuming 2 spell levels and leaving 3?
You start memorising the spell.
You continue memorising.
You feel sick.
You continue memorising.
You finish memorising.
Spell assigned to 'y'.
Memorise Shroud of Golubria, consuming 2 spell levels and leaving 1?
You start memorising the spell.
You continue memorising. x2
You feel sick.
You finish memorising.
Spell assigned to 'g'.
Throwing (i - inventory):
e - 15 stones (quivered)
Press: ? - help, Shift-Dir - straight line, f - adder
Aim: an adder (hasn't noticed you)
You throw a stone. The adder hisses angrily.
The stone hits the adder but does no damage.
Throwing (i - inventory):
e - 14 stones (quivered)
Press: ? - help, Shift-Dir - straight line, f/p - adder
Aim: an adder You throw a stone.
The stone barely misses the adder.
The adder barely misses you.
You hit the adder.
The adder is severely wounded.
You feel sick. The adder bites you but does no damage.
You smack the adder!
You kill the adder!
Wield which item (- for none, * to show all)? (? for menu, Esc to quit)
c - a book of Battle (in branch)
You swing at nothing.
You swing at nothing.
You feel sick.
You are no longer poisoned.
You swing at nothing.
You swing at nothing.
You swing at nothing.
You swing at nothing.
You swing at nothing.
You swing at nothing.
Your transformation is almost over.
You swing at nothing.
You swing at nothing.
You swing at nothing.
You swing at nothing.
You swing at nothing.
You feel less woody.
Your +0 leather armour unmelds from your body.
There is an open door, spattered with blood here.
e - 14 stones (gained 1)
e - 15 stones (gained 1)
Found 6 gold pieces.
Wield which item (- for none, * to show all)? (? for menu, Esc to quit)
a - a +0 falchion (weapon)
A hobgoblin comes into view.
Found a murky cyan potion.
You see here 6 gold pieces.
You now have 25 gold pieces (gained 6).
The hobgoblin shouts!
Casting: Infusion
Confirm with . or Enter, or press ? or * to list all spells.
You begin infusing your attacks with magical energy.
You hit the hobgoblin!
You kill the hobgoblin!
You see here a hobgoblin corpse.
f - a murky cyan potion Sigmund the Dreaded comes into view.
He is wielding a scythe.
Sigmund shouts!
It was a potion of magic.
Magic courses through your body.
It was a potion of curing.
You feel better.
Your magical infusion is running out.
Sigmund hits you from afar with a scythe!
Ouch! That really hurt!
* * * LOW HITPOINT WARNING * * *
It was a potion of brilliance.
You feel clever all of a sudden.
As you read the scroll labeled GACEDUAGRO, it crumbles to dust.
It is a scroll of recharging.
You aren't carrying any rechargeable items.
Sigmund closely misses you.
You are no longer magically infusing your attacks.
Sigmund casts a spell.
Sigmund flickers and vanishes!
Deactivating autopickup; reactivate with Ctrl-A.
As you read the scroll labeled BUAGOU EVAEC, it crumbles to dust.
You feel blessed for a moment.
It was a scroll of remove curse.
You hear some strange, mumbled words.
You are confused.
You're too confused!
Unknown command.
You're too confused to move!
You bump into the rock wall.
Something hits you!
You die...

#. #...### #.# ......# #.#
......# #.# ...... ...##
####.# ....# ....## .....#
....#.# .....###.#
#.#########......#
.....+...###....@.{..........
.....#...#...##########...###
.............# .##
..†#.##.##.### #
..#..#..†#..# '###...#...##
.##..#...#..# .###.##.##.##
............


There were no monsters in sight!

Vanquished Creatures
  2 adders (D:2)
  A hobgoblin (D:2)
  A frilled lizard (D:1)
  3 rats
7 creatures vanquished.

Notes
Turn   | Place    | Note
-------+----------+-------------------------------------------
     0 | D:1      | tidbits the High Elf Skald began the quest for the Orb.
     0 | D:1      | Reached XP level 1. HP: 14/14 MP: 4/4
   137 | D:2      | Reached skill level 3 in Long Blades
   137 | D:2      | Reached XP level 2. HP: 10/19 MP: 6/6
   141 | D:2      | Learned a level 2 spell: Song of Slaying
   144 | D:2      | Learned a level 2 spell: Shroud of Golubria
   194 | D:2      | Noticed Sigmund
   206 | D:2      | Slain by Sigmund

Skill      XL: |  1 |
---------------+----+-----
Long Blades    | 3 |  3.8
Fighting       | |  2.0
Armour         | |  0.8
Dodging        | |  1.2
Spellcasting   | |  2.5
Charms         | |  3.6

Action                   || total
-------------------------++-------
Melee: Falchion          ||    14
       Unarmed           ||     4
Throw: Stone             ||     2
 Cast: Infusion          ||     3
  Use: Potion            ||     4
       Scroll            ||     2
Armor: Leather armour    ||     5
       Skin              ||     2
Dodge: Dodged            ||     6

Table legend:
 A = Turns spent in this place as a percentage of turns spent in the entire game.
 B = Non-inter-level travel turns spent in this place as a percentage of non-inter-level travel turns spent in the entire game.
 C = Inter-level travel turns spent in this place as a percentage of turns spent in this place.
 D = Turns resting spent in this place as a percentage of non-inter-level travel turns spent in this place.
 E = Turns spent auto-exploring this place as a percentage of non-inter-level travel turns spent in this place.
 F = Non-inter-level travel turns spent in this place divided by the number of levels of this place that you've seen.
                   A       B       C       D       E      F
               +-------+-------+-------+-------+-------+----------------------
         Total | 100.0 | 100.0 |   0.0 |   0.0 |   0.0 |  96.5
       Dungeon | 100.0 | 100.0 |   0.0 |   0.0 |   0.0 |  96.5
               +-------+-------+-------+-------+-------+----------------------

Table legend:
 A = Kills in this place as a percentage of kills in entire the game.
 B = Kills by you in this place as a percentage of kills by you in the entire game.
 C = Kills by friends in this place as a percentage of kills by friends in the entire game.
 D = Other kills in this place as a percentage of other kills in the entire game.
 E = Experience gained in this place as a percentage of experience gained in the entire game.
 F = Experience gained in this place divided by the number of levels of this place that you have seen.
                   A       B       C       D       E      F
               +-------+-------+-------+-------+-------+----------------------
         Total | 100.0 | 100.0 |  -nan |  -nan | 100.0 |  16.0
       Dungeon | 100.0 | 100.0 |  -nan |  -nan | 100.0 |  16.0
               +-------+-------+-------+-------+-------+----------------------

Vault maps used:
D:1:      roderic_dead_forest
D:2:      minmay_tromino_v4_b, uniq_sigmund, uniq_terence, uniq_natasha
